 Dungeon Crawl Stone Soup version 0.32-a0-932-g5467873 (webtiles) character file.

Game seed: 9197321908921350421

10378 onfire the Cleaver (level 11, 0/97 HPs)
             Began as a Minotaur Fighter on Apr 14, 2024.
             Was a High Priest of Okawaru.
             Slain by a two-headed ogre
             ... wielding a +0 giant spiked club
              (12 damage)
             ... on level 10 of the Dungeon.
             The game lasted 00:18:35 (8240 turns).

onfire the Cleaver (Minotaur Fighter)               Turns: 8240, Time: 00:18:36

Health: 0/97       AC: 14    Str: 24    XL:     11   Next: 35%
Magic:  15/15      EV:  8    Int:  5    God:    Okawaru [*****.]
Gold:   657        SH:  6    Dex: 14    Spells: 10/10 levels left

rFire   . . .        B - +2 war axe (venom)
rCold   . . .        c - +0 buckler
rNeg    . . .        D - +1 scale mail {rPois}
rPois   +            C - +2 hat
rElec   .            (no cloak)
rCorr   .            (no gloves)
SInv    +            k - +1 pair of boots {Stlth+}
Will    +....        h - amulet of regeneration
Stlth   +            s - ring of see invisible
HPRegen 1.16/turn    b - ring "Xucri" {rPois Will+ Str+3}
MPRegen 0.14/turn

%: no passive effects
@: about to teleport
A: horns 2, retaliatory headbutt
a: Renounce Religion, Heroism, Finesse, Duel


You were on level 10 of the Dungeon.
You worshipped Okawaru.
Okawaru was extremely pleased with you.
You visited 2 branches of the dungeon, and saw 11 of its levels.
You also visited: Sewer.

You collected 657 gold pieces.

Inventory:

Hand Weapons
 B - a +2 war axe of venom (weapon)
 E - a +1 scimitar of flaming
Missiles
 p - a throwing net (quivered)
Armour
 c - a +0 buckler (worn)
 k - a +1 pair of boots of stealth (worn)
 C - a +2 hat (worn)
 D - a +1 scale mail of poison resistance (worn)
Jewellery
 b - the ring "Xucri" (right hand) {rPois Will+ Str+3}
   (You took it off an orc on level 10 of the Dungeon)

   [ring of poison resistance]

   Str+3:     It affects your strength (+3).
   rPois:     It protects you from poison.
   Will+:     It increases your willpower.
 h - an amulet of regeneration (around neck)
 l - a ring of poison resistance
 s - a ring of see invisible (left hand)
 y - the ring "Fivebi Ikyi" {*Slow rC+++ rCorr Str+2 SInv}
   (You found it on level 6 of the Dungeon)

   [ring of resist corrosion]

   Str+2:     It affects your strength (+2).
   rC+++:     It renders you almost immune to cold.
   SInv:      It lets you see invisible.
   rCorr:     It protects you from acid and corrosion.
   *Slow:     It may slow you when you take damage.
Wands
 g - a wand of light (9)
 i - a wand of flame (20)
 r - a wand of paralysis (5)
 t - a wand of warping (16)
 z - a wand of polymorph (11)
Scrolls
 e - a scroll of fog
 m - 3 scrolls of teleportation
 n - a scroll of amnesia
 o - 2 scrolls of immolation
 w - 2 scrolls of revelation
 A - 3 scrolls of identify
Potions
 a - 2 potions of invisibility
 d - a potion of might
 f - 2 potions of magic
 j - a potion of ambrosia
 q - 3 potions of curing
 u - a potion of haste
 v - a potion of mutation
 x - 3 potions of attraction
 G - 2 potions of lignification


   Skills:
 - Level 9.0 Fighting
 - Level 11.6 Axes
 - Level 10.0 Armour
 - Level 10.5 Shields
 + Level 7.8 Invocations


You had 10 spell levels left.
You didn't know any spells.
Your spell library contained the following spells:

 Spells                   Type           Power      Damage    Failure   Level
 Magic Dart               Conj           0%         1d3       77%         1
 Slow                     Hex            0%         N/A       77%         1
 Blink                    Tloc           0%         N/A       88%         2
 Jinxbite                 Hex            0%         N/A       88%         2
 Confusing Touch          Hex            0%         N/A       98%         3
 Frozen Ramparts          Ice            0%         1d1       98%         3
 Hailstorm                Conj/Ice       0%         3d5       98%         3
 Ozocubu's Armour         Ice            0%         N/A       98%         3
 Passwall                 Erth           0%         N/A       98%         3
 Vampiric Draining        Necr           0%         2d6       98%         3
 Volatile Blastmotes      Fire/Tloc      0%         2d10      98%         3
 Leda's Liquefaction      Alch/Erth      0%         N/A       100%        4
 Vhi's Electric Charge    Tloc/Air       0%         N/A       100%        4
 Lee's Rapid Deconstruct  Erth           0%         3d4*      100%        5
 Metabolic Englaciation   Hex/Ice        0%         N/A       100%        5
 Yara's Violent Unravell  Hex/Alch       0%         3d3       100%        5
 Bombard                  Conj/Erth      0%         9d1       100%        6
 Permafrost Eruption      Ice/Erth       0%         2x4d1     100%        6
 Enfeeble                 Hex            0%         N/A       100%        7
 Call Imp                 Summ           Unusable   N/A       N/A         2
 Summon Ice Beast         Ice/Summ       Unusable   N/A       N/A         3
 Animate Armour           Summ/Erth      Unusable   N/A       N/A         4
 Summon Lightning Spire   Summ/Air       Unusable   N/A       N/A         4
 Sculpt Simulacrum        Ice/Alch       Unusable   N/A       N/A         6

Dungeon Overview and Level Annotations

Branches:
Dungeon (10/15)            Temple (1/1) D:4            Lair (0/5) D:9
  Sewer (visited)
    Orc: D:9-12

Altars:
Ashenzari
Cheibriados
Dithmenos
Elyvilon
Fedhas
Gozag
Hepliaklqana
Kikubaaqudgha
Makhleb
Nemelex Xobeh
Okawaru
Qazlal
Sif Muna
Trog
Uskayaw
Vehumet
Wu Jian
Xom
Yredelemnul
Zin
The Shining One

Shops:
D:3 :   D:6 !(=[:

Annotations:
D:10 2 runed translucent doors, Ozzieoiler's ghost, journeyman MDCA


Innate Abilities, Weirdness & Mutations

You have a pair of horns on your head.
You reflexively headbutt those who attack you in melee.


Message History

You headbutt the wolf spider, but do no damage.
The wolf spider bites you but does no damage.
Unknown command.
Unknown command.
Unknown command.
As you read the scroll of teleportation, it crumbles to dust.
You feel strangely unstable. The wolf spider hits you!
* * * LOW HITPOINT WARNING * * *
The wolf spider bites you.
* * * LOW HITPOINT WARNING * * *
You block the two-headed ogre's attack. x2; The wolf spider hits you!
* * * LOW HITPOINT WARNING * * *
The wolf spider barely misses you.
Unknown command.
Unknown command.
Unknown command.
Unknown command.
Unknown command.
You feel much better. The wolf spider hits you.
The wolf spider bites you but does no damage.
The two-headed ogre barely misses you.
The two-headed ogre hits you but does no damage.
Unknown command.
You closely miss the wolf spider. You headbutt the wolf spider!
The wolf spider is heavily wounded.
You slash the two-headed ogre! The wolf spider hits you!
* * * LOW HITPOINT WARNING * * *
The wolf spider closely misses you. The wolf spider hits you!
* * * LOW HITPOINT WARNING * * *
You block the wolf spider's attack.
Unknown command.
Unknown command.
Unknown command.
You hit the wolf spider but do no damage.
The wolf spider looks even sicker.
The wolf spider is heavily wounded.
You hit the two-headed ogre.
The two-headed ogre hits you but does no damage.
The two-headed ogre hits you with a +0 giant club!
You die...

#.# #.# #.###.# #......
#.##... #.##...
#############.
###...........).
###....###....#)#.
#@...###..(.###)#.
#OOs.###....###...รท. #
#...C###....###....... #.
#..###....###....#.#..
#..#######....###....###.#).
......##....###....###......
#......###....###........
##...###....###)...##....
##....###....###.......)


You could see a wolf spider (very poisoned), a two-headed ogre (extremely
poisoned), an ogre mage and a cyclops.

Vanquished Creatures
  A boulder beetle (D:10)
  2 two-headed ogres
  A deep elf pyromancer (D:10)
  Maurice (D:7)
  A manticore (D:7)
  A cyclops (D:10)
  An elephant (D:9)
  Joseph (D:7)
  2 efreet (D:10)
  An unseen horror (D:7)
  A komodo dragon (D:9)
  Jeremiah (D:7)
  A wyvern (D:9)
  3 yaks
  Eustachio (D:5)
  A steam dragon (D:9)
  6 vampire mosquitoes (D:10)
  2 acid dragons
  An orc warrior (D:5)
  2 black bears
  A sky beast (D:7)
  An ice beast (D:5)
  4 ogres
  4 centaurs
  2 kobold brigands (D:9)
  7 bullfrogs
  3 scorpions
  3 wights (D:7)
  3 killer bees (D:7)
  5 howler monkeys
  An electric eel (D:7)
  A gnoll bouda (D:8)
  8 orc priests
  3 hounds
  A jelly (D:6)
  A sleepcap (D:7)
  Natasha (thrice) (D:2)
  2 iguanas (D:5)
  10 orc wizards
  Robin (D:2)
  A gnoll zombie (D:6)
  10 gnolls
  An orc zombie (D:6)
  A river rat (D:3)
  9 adders
  2 shadow imps
  A white imp (D:5)
  An ufetubus (D:5)
  9 dart slugs
  7 ribbon worms
  35 orcs
  6 bats
  7 endoplasms
  9 giant cockroaches
  15 goblins
  8 hobgoblins
  A jackal (D:3)
  11 kobolds
  3 quokkas
  4 ball pythons
  13 frilled lizards
  6 rats
255 creatures vanquished.

Vanquished Creatures (others)
  2 yaks (D:10)
  A howler monkey (D:7)
  An orc (D:7)
4 creatures vanquished.

Grand Total: 259 creatures vanquished

Notes
Turn   | Place    | Note
-------+----------+-------------------------------------------
     0 | D:1      | onfire the Minotaur Fighter began the quest for the Orb.
     0 | D:1      | Reached XP level 1. HP: 19/19 MP: 0/0
   176 | D:1      | Reached XP level 2. HP: 26/26 MP: 1/1
   434 | D:2      | Noticed Natasha
   446 | D:2      | Killed Natasha
   447 | D:2      | Reached skill level 3 in Axes
   447 | D:2      | Reached XP level 3. HP: 13/31 MP: 2/2
   574 | D:2      | Noticed Natasha
   583 | D:2      | Killed Natasha
   584 | D:2      | Reached XP level 4. HP: 37/39 MP: 3/3
   652 | D:2      | Noticed Natasha
   663 | D:2      | Killed Natasha
   664 | D:2      | Reached skill level 4 in Axes
   832 | D:2      | Noticed Robin
   841 | D:2      | Killed Robin
   874 | D:2      | Reached skill level 5 in Armour
   933 | D:3      | Reached XP level 5. HP: 45/45 MP: 4/4
  1016 | D:3      | Found a sparkling altar of Nemelex Xobeh.
  1020 | D:3      | Found a faded altar of an unknown god.
  1075 | D:3      | Reached skill level 5 in Axes
  1127 | D:3      | Found a glowing drain.
  1140 | Sewer    | Entered a sewer
  1365 | Sewer    | Reached skill level 6 in Axes
  1365 | Sewer    | Reached XP level 6. HP: 45/51 MP: 5/5
  1587 | D:3      | Found Yrofymie's Book Shoppe.
  2351 | D:4      | Found a staircase to the Ecumenical Temple.
  2374 | Temple   | Entered the Ecumenical Temple
  2479 | D:4      | Found an ancient bone altar of Kikubaaqudgha.
  2511 | D:4      | Reached skill level 5 in Shields
  2702 | D:4      | Reached skill level 7 in Axes
  2702 | D:4      | Reached XP level 7. HP: 45/57 MP: 6/6
  2855 | D:4      | Found an opulent altar of Gozag.
  2923 | D:5      | Entered Level 5 of the Dungeon
  2941 | D:5      | You fall into a shaft and drop 2 floors!
  2942 | D:7      | Noticed a manticore
  2956 | D:7      | Noticed Jeremiah
  2962 | D:7      | Found a shimmering altar of Xom.
  2987 | D:6      | Found Gizerif's Book Emporium.
  3017 | D:6      | Found Xafiumn's Armour Shop.
  3037 | D:6      | Reached skill level 8 in Axes
  3094 | D:5      | Noticed Eustachio
  3109 | D:5      | Killed Eustachio
  3110 | D:5      | Reached XP level 8. HP: 30/64 MP: 7/7
  3220 | D:5      | Reached skill level 9 in Axes
  3657 | D:5      | Reached skill level 10 in Axes
  4031 | D:6      | Found Hasoac Uts's Weapon Emporium.
  4051 | D:6      | Found a transporter.
  4064 | D:6      | Found a transporter.
  4154 | D:6      | Found Xungimy's Distillery.
  4219 | D:6      | Found an iron altar of Okawaru.
  4221 | D:6      | Found a broken altar of Ashenzari.
  4227 | D:6      | Became a worshipper of Warmaster Okawaru
  4231 | D:6      | Found Plog's Jewellery Shoppe.
  4404 | D:6      | Found a hide-covered altar of Uskayaw.
  4656 | D:6      | Identified the ring "Fivebi Ikyi" {*Slow rC+++ rCorr Str+2
                  | SInv}
  4929 | D:7      | Found a shimmering altar of Xom.
  4929 | D:7      | Found a shimmering altar of Xom.
  4946 | D:7      | Killed Jeremiah
  4946 | D:7      | Reached * piety under Okawaru
  4947 | D:7      | Reached skill level 11 in Axes
  4947 | D:7      | Reached XP level 9. HP: 42/70 MP: 8/8
  4955 | D:7      | Found a shimmering altar of Xom.
  4955 | D:7      | Found a shimmering altar of Xom.
  4967 | D:7      | Found a shimmering altar of Xom.
  4967 | D:7      | Found a shimmering altar of Xom.
  4967 | D:7      | Found a shimmering altar of Xom.
  4967 | D:7      | Found a shimmering altar of Xom.
  5056 | D:7      | Found a shimmering altar of Xom.
  5072 | D:7      | Noticed Maurice
  5078 | D:7      | Maurice stole a ring of see invisible
  5079 | D:7      | Maurice stole 375 gold
  5085 | D:7      | Killed Maurice
  5085 | D:7      | Reached ** piety under Okawaru
  5103 | D:7      | Noticed Joseph
  5126 | D:7      | Killed Joseph
  5127 | D:7      | Reached skill level 1 in Invocations
  5209 | D:7      | Reached skill level 10 in Armour
  5229 | D:7      | Noticed an unseen horror
  5235 | D:7      | Killed a manticore
  5235 | D:7      | Reached *** piety under Okawaru
  5242 | D:7      | Killed an unseen horror
  5243 | D:7      | Reached skill level 5 in Fighting
  5551 | D:7      | Reached XP level 10. HP: 81/81 MP: 11/11
  5924 | D:8      | Reached **** piety under Okawaru
  6073 | D:8      | Found a snail-covered altar of Cheibriados.
  6453 | D:8      | Found a burning altar of Makhleb.
  6912 | D:9      | Noticed a two-headed ogre
  6920 | D:9      | HP: 3/84 [two-headed ogre/+0 giant spiked club (17)]
  7026 | D:9      | Killed a two-headed ogre
  7027 | D:9      | Reached skill level 5 in Invocations
  7090 | D:9      | Reached ***** piety under Okawaru
  7108 | D:9      | Found a staircase to the Lair.
  7110 | D:9      | Noticed an elephant
  7133 | D:9      | Killed an elephant
  7587 | D:10     | Entered Level 10 of the Dungeon
  7587 | D:10     | Noticed a two-headed ogre
  7597 | D:10     | Killed a two-headed ogre
  7665 | D:10     | Reached XP level 11. HP: 97/97 MP: 14/14
  7671 | D:10     | Received a gift from Okawaru
  7860 | D:10     | Found a runed translucent door.
  7872 | D:10     | Found a runed translucent door.
  7872 | D:10     | Noticed a necromancer
  7872 | D:10     | Noticed a centaur warrior
  7873 | D:10     | Noticed a skeletal warrior
  7874 | D:10     | Noticed a five-headed hydra
  7876 | D:10     | Noticed a skeletal warrior
  7878 | D:10     | Noticed a wolf spider
  7879 | D:10     | Noticed a lich
  7879 | D:10     | Noticed Ozzieoiler's ghost (journeyman MDCA)
  7947 | D:10     | Noticed a deep elf pyromancer
  7968 | D:10     | Killed a deep elf pyromancer
  7972 | D:10     | Noticed a boulder beetle
  7978 | D:10     | Reached skill level 10 in Shields
  7986 | D:10     | Killed a boulder beetle
  7989 | D:10     | Identified the ring "Xucri" {rPois Will+ Str+3}
  8229 | D:10     | Noticed a two-headed ogre
  8231 | D:10     | Noticed a wolf spider
  8235 | D:10     | Noticed an ogre mage
  8240 | D:10     | Slain by a two-headed ogre

Illustrated notes

Levels and vault maps discovered:
D:1:      scummos_arrival_checkerplants, layout_rooms
D:2:      layout_basic, uniq_natasha, uniq_robin
D:3:      layout_loops_ring, nemelex_spade_bored_becter,
          shapermc_ecumenical_altar_notcrosses, serial_shops, shop,
          portal_sewer_entry_b, minmay_pentangle
D:4:      layout_basic, grunt_gozag_breadcrumbs, mainiacjoe_overflow_brackets,
          minmay_temple_entry_sparse_star
D:5:      minmay_angry_zag, layout_basic, serial_bayou_pond_b,
          guppyfry_early_orc_mine, uniq_eustachio
D:6:      gammafunk_cloud_chamber, layout_basic,
          mainiacjoe_overflow_six_doors_small, grunt_temple_overflow_open,
          serial_shops, shop, shop, nicolae_shop_pleasant_corner_grove, shop,
          shop, kennysheep_flooded_box, st_stairs_8, roderic_roman_lattice
D:7:      minmay_cornered_nines, layout_loops_ring, xom_shifter_show,
          enter_bailey_2, kennysheep_dice, uniq_joseph, uniq_jeremiah,
          uniq_maurice
D:8:      layout_cave_pods, mainiacjoe_overflow_small_starburst,
          amcnicky_altar_gilded, minmay_misc_feat_doors
D:9:      layout_loops_cross, grunt_lair_entry_orc_guard_hut
D:10:     minmay_tri_box, layout_loops_ring, nicolae_ru_the_path_less_chosen,
          muffindrake_ghost_dual_entry
Temple:   nicolae_temple_no_exploring_needed

Skill      XL: |  1  2  3  4  5  6  7  8  9 10 11 |
---------------+----------------------------------+-----
Armour         | 4 5 6 8 10 | 10.0
Shields        | 4 5 6 7 9 10 | 10.5
Axes           | 3 4 6 7 8 11 | 11.6
Invocations    | 3 6 7 |  7.8
Fighting       | 5 9 |  9.0

Action                     |  1- 3 |  4- 6 |  7- 9 | 10-12 || total
---------------------------+-------+-------+-------+-------++-------
  Melee: War axe           |    46 |   223 |   191 |   243 ||   703
         Headbutt          |     2 |    37 |    34 |    63 ||   136
         Unarmed           |       |       |       |     9 ||     9
 Invoke: Heroism           |       |       |     1 |     1 ||     2
  Evoke: Wand              |       |       |     4 |       ||     4
    Use: Scroll            |       |     7 |     8 |     5 ||    20
         Potion            |       |       |     9 |     1 ||    10
   Stab: Sleeping          |       |     1 |       |       ||     1
 Armour: Scale mail        |    38 |   187 |   189 |   202 ||   616
         Skin              |       |       |    25 |    13 ||    38
  Dodge: Dodged            |    21 |    93 |    73 |   102 ||   289
  Block: Buckler           |     6 |    57 |    56 |    57 ||   176

Table legend: (Time is in decaauts)
 A = Elapsed time spent in this place.
 B = Non-inter-level travel time spent in this place.
 C = Inter-level travel time spent in this place.
 D = Time resting spent in this place.
 E = Time spent auto-exploring this place.
 F = Levels seen in this place.
 G = Mean time per level.
                   A        B        C        D        E       F      G
               +--------+--------+--------+--------+--------+-----+--------+
         Total |   8334 |   8038 |    296 |    148 |   5886 |  12 |  694.5 |
       Dungeon |   8027 |   7731 |    296 |    148 |   5877 |  10 |  802.7 |
        Temple |      1 |      1 |      0 |      0 |      0 |   1 |    1.0 |
         Sewer |    305 |    305 |      0 |      0 |      8 |   1 |  305.0 |
               +--------+--------+--------+--------+--------+-----+--------+

Top non-repeatable levels by time:
     D:7: 989 daAuts
     D:5: 989 daAuts
     D:6: 959 daAuts
     D:3: 937 daAuts
     D:8: 915 daAuts
     D:4: 831 daAuts
     D:9: 804 daAuts
    D:10: 640 daAuts
     D:2: 514 daAuts
     D:1: 444 daAuts
   Sewer: 305 daAuts
  Temple: 1 daAuts
